 Dungeon Crawl Stone Soup version 0.31-a0-750-gfe7b580527 (webtiles) character file.

Game seed: 9216481419312267169

1064 croobank the Covert (level 8, 0/67 HPs)
             Began as a Gnoll Delver on Sept 15, 2023.
             Was an Initiate of Gozag.
             Hit by a javelin thrown by a centaur (7 damage)
             ... in a bailey.
             The game lasted 00:16:16 (6609 turns).

croobank the Covert (Gnoll Delver)                  Turns: 6609, Time: 00:16:17

Health: 0/67       AC:  4    Str: 11    XL:     8   Next: 27%
Magic:  12/12      EV: 14    Int: 17    God:    Gozag
Gold:   51         SH:  0    Dex: 15    Spells: 13/13 levels left

rFire   . . .        a - +6 short sword (elec)
rCold   . . .        r - orb {*Rage}
rNeg    . . .        b - +0 leather armour
rPois   +            k - +0 helmet
rElec   .            (no cloak)
rCorr   .            (no gloves)
SInv    .            (no boots)
Will    .....        (no amulet)
Stlth   ++++         u - ring of poison resistance
HPRegen 0.31/turn    G - ring "Utaypsym" {+Blink Int+6}
MPRegen 0.13/turn

%: random rage (20%)
@: on berserk cooldown, slowed, very slow
A: fangs 1, strong nose, distributed training
a: Renounce Religion, Evoke Blink, Potion Petition, Call Merchant, Bribe Branch


You were in a bailey.
You worshipped Gozag.
Gozag was noncommittal.
You visited 2 branches of the dungeon, and saw 8 of its levels.
You also visited: Sewer and Bailey.

You collected 806 gold pieces.
You spent 592 gold pieces at shops.
You paid 163 gold pieces to Gozag.

Inventory:

Hand Weapons
 a - a +6 short sword of electrocution (weapon)
 n - a +0 heavy war axe
 q - the +4 mace of Upheaval {holy, rC+ rN+}
   (You found it on level 3 of the Dungeon)

   rC+:       It protects you from cold.
   rN+:       It protects you from negative energy.
Missiles
 p - a throwing net
 D - 6 poisoned darts
Armour
 b - a +0 leather armour (worn)
 i - a +0 ring mail
 k - a +0 helmet (worn)
 r - an orb of wrath (worn)
Jewellery
 o - a ring of willpower
 u - a ring of poison resistance (left hand)
 v - a +6 ring of strength
 B - a ring of resist corrosion
 E - the ring "Begeet" {Fly rF- rCorr Str+6 Dex+5}
   (You found it on level 4 of the Dungeon)

   [ring of strength]

   Str+6:     It affects your strength (+6).
   Dex+5:     It affects your dexterity (+5).
   rF-:       It makes you vulnerable to fire.
   Fly:       It grants you flight.
   rCorr:     It protects you from acid and corrosion.
 G - the ring "Utaypsym" (right hand) {+Blink Int+6}
   (You found it on level 6 of the Dungeon)

   [ring of intelligence]

   Int+6:     It affects your intelligence (+6).
   +Blink:    It lets you blink.
 H - the amulet "Poimid" {RegenMP Will+ Stlth+}
   (You bought it in a shop on level 6 of the Dungeon)

   [amulet of magic regeneration]

   RegenMP:   It increases your rate of magic regeneration.
   Will+:     It increases your willpower.
   Stlth+:    It makes you more stealthy.
Talismans
 t - a blade talisman
Wands
 e - a wand of quicksilver (15)
 g - a wand of digging (2)
 s - a wand of charming (6)
 F - a wand of roots (8)
Scrolls
 c - 2 scrolls of fog
 l - a scroll of noise
 w - a scroll of poison {unknown}
 x - a scroll of vulnerability {unknown}
 y - 2 scrolls of torment
 I - a scroll of fear
 J - a scroll of blinking {unknown}
Potions
 d - 2 potions of attraction
 f - a potion of haste
 j - 4 potions of curing
 m - 2 potions of heal wounds
 z - a potion of enlightenment
 A - 2 potions of ambrosia
 C - a potion of mutation


   Skills:
 + Level 7.3 Fighting
 + Level 5.6 Short Blades
 + Level 3.2 Long Blades
 + Level 3.2 Axes
 + Level 3.2 Maces & Flails
 + Level 3.2 Polearms
 + Level 3.2 Staves
 + Level 3.2 Ranged Weapons
 + Level 3.2 Throwing
 + Level 3.2 Armour
 + Level 5.6 Dodging
 + Level 10.1 Stealth
 + Level 3.2 Shields
 + Level 3.2 Unarmed Combat
 + Level 3.2 Spellcasting
 + Level 2.6 Conjurations
 + Level 2.6 Hexes
 + Level 2.6 Summonings
 + Level 2.6 Necromancy
 + Level 2.6 Translocations
 + Level 2.6 Transmutations
 + Level 2.6 Fire Magic
 + Level 2.6 Ice Magic
 + Level 2.6 Air Magic
 + Level 2.6 Earth Magic
 + Level 2.6 Poison Magic
 + Level 3.5 Invocations
 + Level 3.2 Evocations
 + Level 2.9 Shapeshifting


You had 13 spell levels left.
You didn't know any spells.
Your spell library contained the following spells:

 Spells                   Type           Power      Damage    Failure   Level
 Tukima's Dance           Hex            11%        N/A       22%         3
 Passage of Golubria      Tloc           11%        N/A       58%         4
 Yara's Violent Unravell  Hex/Tmut       5%         3d4       91%         5


Dungeon Overview and Level Annotations

Branches:
Dungeon (7/15)             Temple (1/1) D:4           Sewer (visited)
 Bailey (1/1)

Altars:
Gozag
Hepliaklqana
Kikubaaqudgha
Makhleb
Nemelex Xobeh
Okawaru
Sif Muna
Trog
Uskayaw
Vehumet
Wu Jian
Xom
Yredelemnul
Zin
The Shining One

Shops:
D:6 *(*


Innate Abilities, Weirdness & Mutations

You have very sharp teeth.
Your uncanny sense of smell can sniff out nearby items.
Your experience applies equally to all skills.


Message History

You feel yourself moving faster!
You feel mighty!
You puncture the orc!
You kill the orc!
The centaur throws a javelin.
The javelin barely misses you.
The centaur throws a javelin.
The javelin closely misses you. The orc attacks as it pursues you!
The orc barely misses you. The orc hits you with a +0 trident!
Things that are here:
9 gold pieces; a +0 halberd; a +0 ring mail You hit the orc.
The orc is almost dead.
The orc hits you from afar with a +0 spear.
The orc closely misses you.
You puncture the orc!
You kill the orc!
The centaur throws a javelin.
The javelin pierces through you!
The orc is distracted by your dazzling golden aura.
Things that are here:
8 gold pieces; a +0 trident; a +0 chain mail An orc comes into view.
It is wielding a +0 halberd.
You feel a strong urge to attack something.
The orc shouts!
The orc shouts!
The centaur throws a javelin.
The javelin pierces through you!
You feel your anger nearly subside.
You are no longer berserk.
You are exhausted.
You feel yourself slow down.
The orc is no longer distracted by gold.
The centaur hits you from afar with a +0 spear!
* * * LOW HITPOINT WARNING * * *
The orc hits you from afar with a +0 spear.
* * * LOW HITPOINT WARNING * * *
The centaur hits you from afar with a +0 spear.
* * * LOW HITPOINT WARNING * * *
The centaur throws a javelin.
The javelin pierces through you.
* * * LOW HITPOINT WARNING * * *
The orc barely misses you. The orc closely misses you.
The centaur barely misses you.
The centaur throws a javelin.
The javelin pierces through you!
You die...
Your body crumbles into a pile of gold.

##....≈≈≈≈≈≈≈≈≈...≈
#.⌠.≈≈≈.......≈≈..≈
#.o≈≈..≈≈≈≈≈≈≈....≈
#.≈≈.≈≈≈.....≈≈≈...
##.≈.≈≈..≈≈≈≈≈..≈≈..
#o≈≈.≈.≈≈≈...≈≈≈.≈≈.
#.≈.≈≈.≈..⌠.⌠..≈≈.≈.
#.≈@...≈..∩∩∩.....≈c
#.≈.≈≈$≈..⌠.⌠..≈≈.≈.
#c≈≈o≈$≈≈≈...≈≈≈.≈≈.
##.≈o≈≈$.≈≈≈≈≈..≈≈..
#.≈≈o≈≈≈.....≈≈≈...
#.o≈≈.c≈≈≈≈≈≈≈....≈
#.⌠.≈≈≈.......≈≈..≈
##..o.≈≈≈≈≈≈≈≈≈...≈
#####.o..........≈


You could see 2 centaurs and 7 orcs.

Vanquished Creatures
  A centaur (D:6)
  A phantom (D:7)
  2 scorpions
  A bullfrog (D:6)
  2 hounds
  5 orc priests
  6 iguanas
  3 orc wizards
  3 sleepcaps
  6 adders
  A river rat (Sewer)
  A white imp (D:5)
  5 ufetubi
  3 worms
  2 dart slugs
  17 orcs
  9 bats
  7 endoplasms
  4 giant cockroaches
  7 goblins
  3 hobgoblins (D:1)
  3 jackals (D:4)
  6 kobolds
  6 quokkas
  5 ball pythons
  6 frilled lizards
  11 rats
126 creatures vanquished.

Notes
Turn   | Place    | Note
-------+----------+-------------------------------------------
     0 | D:5      | Reached skill level 9 in Stealth
     0 | D:5      | croobank the Gnoll Delver began the quest for the Orb.
     0 | D:5      | Reached XP level 1. HP: 23/23 MP: 1/1
    27 | D:6      | Noticed an orc priest
    86 | D:4      | Noticed an iguana
    92 | D:4      | Killed an iguana
    93 | D:4      | Reached XP level 2. HP: 29/29 MP: 2/2
    93 | D:4      | Reached XP level 3. HP: 35/35 MP: 3/3
   248 | D:3      | Found a glowing drain.
   266 | D:3      | Reached skill level 1 in Invocations
   314 | Sewer    | Entered a sewer
   359 | Sewer    | Reached skill level 1 in Long Blades
   359 | Sewer    | Reached skill level 1 in Axes
   359 | Sewer    | Reached skill level 1 in Maces & Flails
   359 | Sewer    | Reached skill level 1 in Polearms
   359 | Sewer    | Reached skill level 1 in Staves
   359 | Sewer    | Reached skill level 1 in Ranged Weapons
   359 | Sewer    | Reached skill level 1 in Throwing
   359 | Sewer    | Reached skill level 1 in Armour
   359 | Sewer    | Reached skill level 1 in Shields
   359 | Sewer    | Reached skill level 1 in Unarmed Combat
   359 | Sewer    | Reached skill level 1 in Spellcasting
   359 | Sewer    | Reached skill level 1 in Evocations
   887 | D:3      | Reached skill level 1 in Shapeshifting
   887 | D:3      | Reached XP level 4. HP: 41/41 MP: 5/5
   899 | D:3      | Identified the +4 mace of Upheaval {holy, rC+ rN+}
  1430 | D:2      | Reached skill level 1 in Conjurations
  1430 | D:2      | Reached skill level 1 in Hexes
  1430 | D:2      | Reached skill level 1 in Summonings
  1430 | D:2      | Reached skill level 1 in Necromancy
  1430 | D:2      | Reached skill level 1 in Translocations
  1430 | D:2      | Reached skill level 1 in Transmutations
  1430 | D:2      | Reached skill level 1 in Fire Magic
  1430 | D:2      | Reached skill level 1 in Ice Magic
  1430 | D:2      | Reached skill level 1 in Air Magic
  1430 | D:2      | Reached skill level 1 in Earth Magic
  1430 | D:2      | Reached skill level 1 in Poison Magic
  1897 | D:1      | Reached XP level 5. HP: 33/47 MP: 6/6
  4112 | D:4      | Reached XP level 6. HP: 44/53 MP: 8/8
  4276 | D:4      | Found a staircase to the Ecumenical Temple.
  4280 | D:4      | Reached skill level 5 in Short Blades
  4280 | D:4      | Reached skill level 5 in Dodging
  4296 | Temple   | Entered the Ecumenical Temple
  4316 | Temple   | Became a worshipper of Gozag Ym Sagoz the Greedy
  4778 | D:4      | Identified the ring "Begeet" {Fly rF- rCorr Str+6 Dex+5}
  4869 | D:4      | Reached XP level 7. HP: 48/59 MP: 10/10
  5206 | D:5      | Reached skill level 10 in Stealth
  5991 | D:6      | Identified the ring "Utaypsym" {+Blink Int+6}
  6053 | D:6      | Reached XP level 8. HP: 47/67 MP: 12/12
  6255 | D:6      | Found Siecwa's General Store.
  6257 | D:6      | Found Rasyl's Weapon Shop.
  6314 | D:6      | Bought the amulet "Poimid" {RegenMP Will+ Stlth+} for 544
                  | gold pieces
  6314 | D:6      | Bought a scroll of fear for 48 gold pieces
  6364 | D:6      | Found an iron altar of Okawaru.
  6364 | D:6      | Found a shimmering altar of Xom.
  6405 | D:6      | Found Roahaev's Assorted Antiques.
  6517 | D:7      | Found a flagged portal.
  6581 | Bailey   | Entered a bailey
  6609 | Bailey   | Hit by a javelin thrown by a centaur

Illustrated notes

Levels and vault maps discovered:
D:1:      minmay_arrival_radiant_lines, layout_loops_ring, corexii_corridor_pit,
          minmay_pentomino_s4
D:2:      layout_basic, corner_web_ring
D:3:      layout_basic, portal_sewer_entry_f, minmay_gold_behind_fungi,
          patterned_corridor
D:4:      layout_loops_ring, minmay_temple_entry_proselytizer
D:5:      layout_cave_pods
D:6:      layout_cave_pools, nicolae_overflow_two_pavilions, serial_shops, shop,
          shop, nicolae_shop_back_alley_shop
D:7:      layout_basic, nicolae_qazlal_scattered_showers, enter_ossuary_5,
          enter_bailey_3
Temple:   hellmonk_temple_forest_ring
Bailey:   bailey_polearm_flooded_kennysheep, bailey

Skill      XL: |  1  2  3  4  5  6  7  8 |
---------------+-------------------------+-----
Stealth        | 10 | 10.1
Invocations    | 1 2 3 |  3.5
Long Blades    | 1 2 3 |  3.2
Axes           | 1 2 3 |  3.2
Maces & Flails | 1 2 3 |  3.2
Polearms       | 1 2 3 |  3.2
Staves         | 1 2 3 |  3.2
Ranged Weapons | 1 2 3 |  3.2
Throwing       | 1 2 3 |  3.2
Armour         | 1 2 3 |  3.2
Shields        | 1 2 3 |  3.2
Unarmed Combat | 1 2 3 |  3.2
Spellcasting   | 1 2 3 |  3.2
Evocations     | 1 2 3 |  3.2
Shapeshifting  | 1 2 |  2.9
Conjurations   | 1 2 |  2.6
Hexes          | 1 2 |  2.6
Summonings     | 1 2 |  2.6
Necromancy     | 1 2 |  2.6
Translocations | 1 2 |  2.6
Transmutations | 1 2 |  2.6
Fire Magic     | 1 2 |  2.6
Ice Magic      | 1 2 |  2.6
Air Magic      | 1 2 |  2.6
Earth Magic    | 1 2 |  2.6
Poison Magic   | 1 2 |  2.6
Short Blades   | 5 |  5.6
Dodging        | 5 |  5.6
Fighting       | 7 |  7.3

Action                     |  1- 3 |  4- 6 |  7- 9 || total
---------------------------+-------+-------+-------++-------
  Melee: Short sword       |   113 |   156 |    80 ||   349
         Bite              |     7 |    11 |     4 ||    22
         Punch             |     2 |     1 |     3 ||     6
         Mace              |       |     6 |       ||     6
  Throw: Throwing net      |     1 |       |       ||     1
  Evoke: Wand              |     1 |       |       ||     1
    Use: Scroll            |     3 |     7 |     7 ||    17
         Potion            |     1 |     1 |     2 ||     4
   Stab: Sleeping          |     3 |    21 |     7 ||    31
 Armour: Leather armour    |    42 |    68 |    57 ||   167
  Dodge: Dodged            |    63 |    66 |    61 ||   190

Table legend: (Time is in decaauts)
 A = Elapsed time spent in this place.
 B = Non-inter-level travel time spent in this place.
 C = Inter-level travel time spent in this place.
 D = Time resting spent in this place.
 E = Time spent auto-exploring this place.
 F = Levels seen in this place.
 G = Mean time per level.
                   A        B        C        D        E       F      G
               +--------+--------+--------+--------+--------+-----+--------+
         Total |   6537 |   6306 |    231 |   1255 |   3764 |  10 |  653.7 |
       Dungeon |   6339 |   6126 |    213 |   1229 |   3764 |   7 |  905.6 |
        Temple |     38 |     20 |     18 |      0 |      0 |   1 |   38.0 |
         Sewer |    133 |    133 |      0 |     26 |      0 |   1 |  133.0 |
        Bailey |     26 |     26 |      0 |      0 |      0 |   1 |   26.0 |
               +--------+--------+--------+--------+--------+-----+--------+

Top non-repeatable levels by time:
     D:3: 2094 daAuts
     D:5: 1013 daAuts
     D:4: 918 daAuts
     D:2: 859 daAuts
     D:1: 806 daAuts
     D:6: 577 daAuts
   Sewer: 133 daAuts
     D:7: 70 daAuts
  Temple: 38 daAuts
  Bailey: 26 daAuts
